 Dungeon Crawl Stone Soup version 0.28-a0-589-g333b8329f1 (webtiles) character file.

Game seed: 12846066939423878224

33 Irenicus the Digger (level 3, -3/28 HPs)
             Began as a Deep Dwarf Earth Elementalist on Oct 3, 2021.
             Killed from afar by Sigmund (7 damage)
             ... with a magic dart
             ... on level 2 of the Dungeon.
             The game lasted 00:04:38 (546 turns).

Irenicus the Digger (Deep Dwarf Earth Elementalist)  Turns: 546, Time: 00:04:38

Health: -3/28      AC:  2    Str: 11    XL:     3   Next: 12%
Magic:  3/5        EV: 12    Int: 16    God:
Gold:   25         SH:  0    Dex: 13    Spells: 2/5 levels left

rFire   . . .      SeeInvis .   h - +2 whip (venom)
rCold   . . .      Faith    .   (no shield)
rNeg    . . .      Spirit   .   b - +0 robe
rPois   .          Reflect  .   (no helmet)
rElec   .          Harm     .   (no cloak)
rCorr   +          Rampage  .   (no gloves)
Will    .....                   (no boots)
Stlth   +.........              (no amulet)
HPRegen 0.00/turn               R - ring of resist corrosion
MPRegen 0.09/turn               (no ring)

@: confused, mighty
A: damage resistance, heal wounds, sense surroundings 1, no regeneration
a: Heal Wounds


You were on level 2 of the Dungeon.
You visited 1 branch of the dungeon, and saw 2 of its levels.

You collected 25 gold pieces.


Innate Abilities, Weirdness & Mutations

You are resistant to damage.
You can heal yourself by infusing magical energy.
You passively map a small area around you.
You do not regenerate.


   Skills:
 - Level 2.1 Dodging
 - Level 2.4 Stealth
 - Level 1.7 Spellcasting
 - Level 0.8 Transmutations
 + Level 5.7 Earth Magic


You had 2 spell levels left.
You knew the following spells:

 Your Spells              Type           Power      Damage    Failure   Level
a - Passwall              Tmut/Erth      10%        N/A       9%          2
z - Sandblast             Erth           38%        2d10      1%          1

Your spell library contained the following spells:

 Spells                   Type           Power      Damage    Failure   Level
 Stone Arrow              Conj/Erth      20%        3d8       21%         3
 Petrify                  Tmut/Erth      12%        N/A       47%         4

Inventory:

Hand Weapons
 h - a +2 whip of venom (weapon)
Missiles
 c - 139 stones
Armour
 b - a +0 robe (worn)
Jewellery
 R - a ring of resist corrosion (left hand)
Scrolls
 d - a scroll of holy word {unknown}
 e - 4 scrolls of identify {unknown}
 g - 2 scrolls of fog {unknown}
 i - a scroll of teleportation {unknown}
Potions
 f - a potion of haste {unknown}

Dungeon Overview and Level Annotations

Branches:
Dungeon (2/15)

Altars:

Annotations:
D:2 Sigmund

, ###.# ,, , #...#
* , , *#...##**
....., +, #...* *
,, #.. * #@# * ,
,, #####@#### *,,
#........# #+#*
#.###.##.#######.#
#.# #.##.##...##.#
#.#
#.........##.##
#.#
####.##...#...##
#.# #.###.#.....#
#.######.#
#.......###
#........#
#####.#....


You could see Sigmund (poisoned).


Message History

Sigmund hits you with a +0 scythe.
Casting: Sandblast (safe; 1% risk of failure)
Confirm with . or Enter, or press ? or * to list all spells.
Aiming: Sandblast (safe; 1% risk of failure)
Press: ? - help, Shift-Dir - straight line, f - Sigmund
Aim: Sigmund, wielding a +0 scythe and wearing a +0 robe (lightly wounded, very poisoned, 77% to hit)
The blast of sand hits Sigmund!
Sigmund is moderately wounded.
Casting: Sandblast (safe; 1% risk of failure)
Confirm with . or Enter, or press ? or * to list all spells.
Aiming: Sandblast (safe; 1% risk of failure)
Press: ? - help, Shift-Dir - straight line, f/p - Sigmund
Aim: Sigmund, wielding a +0 scythe and wearing a +0 robe (heavily wounded, very poisoned, 77% to hit)
The blast of sand hits Sigmund!
Sigmund is almost dead.
Sigmund points at you and mumbles some strange words.
You are confused.
You're too confused to move!
Sigmund screams, "Don't try to resist!"
Sigmund hits you with a +0 scythe!
* * * LOW HITPOINT WARNING * * *
Sigmund barely misses you.
You bump into the rock wall.
Sigmund hits you with a +0 scythe!
* * * LOW HITPOINT WARNING * * *
It was a potion of might.
You feel very mighty all of a sudden. Sigmund casts a spell at you.
The magic dart hits you!
You die...

Skill      XL: |  1  2 |
---------------+-------+-----
Earth Magic    | 5 |  5.7
Dodging        | |  2.1
Stealth        | |  2.4
Spellcasting   | |  1.7
Transmutations | |  0.8

Action                   || total
-------------------------++-------
Melee: Unarmed           ||     4
       Whip              ||     8
 Cast: Sandblast         ||    21
  Use: Potion            ||     1
 Stab: Sleeping          ||     4
Dodge: Dodged            ||    13

Levels and vault maps discovered:
D:1:      ebering_trefoil_twist, layout_loops_ring,
          hellmonk_ecumenical_altar_run_dry
D:2:      layout_loops_corners, uniq_sigmund

Notes
Turn   | Place    | Note
-------+----------+-------------------------------------------
     0 | D:1      | Irenicus the Deep Dwarf Earth Elementalist began the quest
                  | for the Orb.
     0 | D:1      | Reached XP level 1. HP: 15/15 MP: 3/3
    18 | D:1      | Found a faded altar of an unknown god.
   130 | D:1      | Reached XP level 2. HP: 22/22 MP: 1/4
   218 | D:1      | Reached skill level 5 in Earth Magic
   228 | D:1      | Learned a level 2 spell: Passwall
   475 | D:2      | Reached XP level 3. HP: 24/28 MP: 2/5
   537 | D:2      | Noticed Sigmund
   546 | D:2      | Killed from afar by Sigmund

Vanquished Creatures
  An adder (D:2)
  A dart slug (D:1)
  2 bats (D:1)
  2 endoplasms (D:1)
  3 goblins
  3 hobgoblins (D:1)
  5 kobolds (D:1)
  2 ball pythons (D:1)
  A frilled lizard (D:1)
  2 rats (D:1)
22 creatures vanquished.

Table legend: (Time is in decaauts)
 A = Elapsed time spent in this place.
 B = Non-inter-level travel time spent in this place.
 C = Inter-level travel time spent in this place.
 D = Time resting spent in this place.
 E = Time spent auto-exploring this place.
 F = Levels seen in this place.
 G = Mean time per level.
                   A        B        C        D        E       F      G
               +--------+--------+--------+--------+--------+-----+--------+
         Total |    548 |    548 |      0 |      0 |      0 |   2 |  274.0 |
       Dungeon |    548 |    548 |      0 |      0 |      0 |   2 |  274.0 |
               +--------+--------+--------+--------+--------+-----+--------+

Top non-repeatable levels by time:
     D:1: 427 daAuts
     D:2: 120 daAuts

Table legend:
 A = Non-vault XP
 B = Vault XP
 C = Vault XP percentage of total XP
 D = Non-vault monster count
 E = Vault monster count
 F = Vault count percentage of total count
                 A         B        C        D         E       F
            +---------+---------+-------+---------+---------+-------
      Total |      48 |       0 |   0.0 |      22 |       0 |   0.0
            +---------+---------+-------+---------+---------+-------
        D:1 |      33 |       0 |   0.0 |      20 |       0 |   0.0
        D:2 |      15 |       0 |   0.0 |       2 |       0 |   0.0
            +---------+---------+-------+---------+---------+-------
